 Dungeon Crawl Stone Soup version 0.31-a0-112-gdf0485fa37 (webtiles) character file.

Game seed: 758372078750853761

1998 juan097 the Slasher (level 8, -20/66 HPs)
             Began as a Demigod Fighter on May 28, 2023.
             Demolished by an orc warrior
             ... wielding a +0 glaive
              (24 damage)
             ... in a bailey.
             The game lasted 00:11:09 (4860 turns).

juan097 the Slasher (Demigod Fighter)               Turns: 4860, Time: 00:11:09

Health: -20/66     AC:  9    Str: 17    XL:     8   Next: 71%
Magic:  10/10      EV: 13    Int: 10    God:
Gold:   309        SH:  7    Dex: 27    Spells: 7/7 levels left

rFire   . . .        a - +0 long sword
rCold   . . .        c - +0 buckler
rNeg    . . .        t - +0 ring mail
rPois   .            E - +0 helmet
rElec   .            A - +0 cloak
rCorr   .            (no gloves)
SInv    +            q - +0 pair of boots
Will    .....        (no amulet)
Stlth   +++          g - +6 ring of dexterity
HPRegen 0.31/turn    y - ring of see invisible
MPRegen 0.12/turn

%: no passive effects
@: studying Fighting
A: high MP 1, forlorn, divine attributes
a: no special abilities


You were in a bailey.
You visited 1 branch of the dungeon, and saw 6 of its levels.
You also visited: Bailey.

You collected 309 gold pieces.

Inventory:

Hand Weapons
 a - a +0 long sword (weapon)
 b - a +0 sling
Missiles
 u - a poisoned dart (quivered)
Armour
 c - a +0 buckler (worn)
 q - a +0 pair of boots (worn)
 t - a +0 ring mail (worn)
 v - a +0 scale mail
 A - a +0 cloak (worn)
 E - a +0 helmet (worn)
Magical Staves
 F - a staff of death
 H - a staff of fire
Jewellery
 g - a +6 ring of dexterity (left hand)
 y - a ring of see invisible (right hand)
Wands
 d - a wand of light (6)
 o - a wand of flame (17)
 G - a wand of roots (1)
Scrolls
 e - 3 scrolls of poison {unknown}
 f - a scroll of amnesia {unknown}
 h - 3 scrolls of identify {unknown}
 i - 4 scrolls of teleportation {unknown}
 k - a scroll of blinking {unknown}
 p - a scroll of fog {unknown}
 r - 2 scrolls of enchant weapon {unknown}
 s - a scroll of brand weapon {unknown}
 x - a scroll of magic mapping {unknown}
Potions
 j - 3 potions of enlightenment {unknown}
 l - a potion of cancellation {unknown}
 m - a potion of curing {unknown}
 n - a potion of lignification {unknown}
 w - a potion of attraction {unknown}
 z - a potion of magic {unknown}
 B - 2 potions of invisibility {unknown}
 C - a potion of mutation {unknown}
 D - a potion of degeneration {unknown}


   Skills:
 - Level 4.0 Fighting
 * Level 6.5 Long Blades
 - Level 4.0 Armour
 - Level 4.0 Dodging
 - Level 4.0 Stealth
 + Level 5.1 Shields
 + Level 2.2 Evocations


You had 7 spell levels left.
You didn't know any spells.
Your spell library contained the following spells:

 Spells                   Type           Power      Damage    Failure   Level
 Freeze                   Ice            0%         1d3       63%         1
 Ensorcelled Hibernation  Hex/Ice        0%         N/A       77%         2
 Passwall                 Tmut/Erth      0%         N/A       77%         2
 Frozen Ramparts          Ice            0%         1d1       94%         3
 Gell's Gravitas          Tloc           0%         N/A       94%         3
 Hailstorm                Conj/Ice       0%         3d3       94%         3
 Spider Form              Tmut/Pois      0%         N/A       94%         3
 Swiftness                Air            0%         N/A       94%         3
 Teleport Other           Tloc           0%         N/A       94%         3
 Vhi's Electric Charge    Tloc/Air       0%         N/A       94%         3
 Anguish                  Hex/Necr       0%         N/A       100%        4
 Arcjolt                  Conj/Air       0%         1d10      100%        5
 Dispersal                Tloc           0%         N/A       100%        6
 Maxwell's Capacitive Co  Air            0%         ∞         100%        8


Dungeon Overview and Level Annotations

Branches:
Dungeon (5/15)             Bailey (1/1)
 Temple: D:4-7

Shops:
D:5 (

Annotations:
D:5 Duvessa


Innate Abilities, Weirdness & Mutations

You have an increased reservoir of magic. (+10% MP)
You shall have no god before yourself.
Your divine heritage dramatically boosts your attributes as you level up.


Message History

The orc warrior goes into a battle-frenzy!
You hit the orc knight.
The orc knight is severely wounded.
The orc warrior barely misses you.
The orc knight hits you with a +0 glaive!
You hit the orc knight.
The orc knight is severely wounded.
The orc warrior hits you from afar with a +0 glaive!
The orc knight misses you.
The orc warrior hits you from afar with a +0 glaive!
* * * LOW HITPOINT WARNING * * *
The orc knight barely misses you.
Aiming: Bolt of Light
Press: ? - help, Shift-Dir - straight line, f/p - orc warrior
Aim: an orc warrior, wielding a +0 glaive and wearing a +0 chain mail (lightly wounded, strong, blind, 68% to hit)
The bolt of light misses the orc warrior.
The orc warrior splashes around in the water.
The orc knight hits you with a +0 glaive!
* * * LOW HITPOINT WARNING * * *
Aiming: Bolt of Light
Press: ? - help, Shift-Dir - straight line, f - orc knight, p - orc warrior
Aim: an orc knight, wielding a +0 glaive and wearing a +0 chain mail (severely wounded, 68% to hit)
The bolt of light hits the orc knight.
The orc knight is severely wounded.
The orc knight is blinded.
The orc knight hits you with a +0 glaive.
* * * LOW HITPOINT WARNING * * *
You closely miss the orc knight.
The orc knight is severely wounded.
You closely miss the orc knight.
The orc knight is severely wounded.
The orc warrior closely misses you.
Okay, then.
Aiming: Throw Flame
Press: ? - help, Shift-Dir - straight line, f/p - orc knight
Aim: an orc knight, wielding a +0 glaive and wearing a +0 chain mail (severely wounded, blind, 68% to hit)
The puff of flame hits the orc knight but does no damage.
The orc knight is severely wounded.
The orc warrior hits you with a +0 glaive!!
You die...

....~~~~~~~~~~~~~~~~~))..#≈.....#
#)∩#≈~~~~~~~~~~~~~~~≈#∩.##≈.....#
#)##≈~~~~#######~~~~≈##.#≈≈.....#
≈~≈≈≈~~~~##~~~~##~~~≈≈≈~≈≈~.....#
~~~~~~~~~##~~~o~##~~~~~~~~~.....#
~~~~~~~~~##''o#~~##~~~~~~~~.....#
~~~~~##~~##∩.o##~~#~~~~~~~~.....#
~~~~~##~####'####o##~~~~~~~.....#
~~~~~##~')#...#.@~##~~~~~~~.....#
~~~~~##~###.8.###o##~~~~~~~.....#
~~~~~##~')#!.)#)'~##~~~~~~~.....#
~~~~~##~#########~##~~~~~~~.....#
~~~~~~#~~##.#)##~~#~~~~~~~~.....#
~~~~~~##~~#'#'#~~##~~~~~~~~.....#
~~~~~~~##~~~~~~~##~~~~~~~~~.....#
≈~≈≈≈~~~#########~~~≈≈≈~≈≈~.....#
#)##≈~~~~~~###~~~~~~≈##)#≈≈.....#


You could see an orc knight (blind) and an orc warrior (strong, blind).

Vanquished Creatures
  Prince Ribbit (D:5)
  Edmund (D:4)
  8 orc warriors (Bailey)
  A sky beast (D:4)
  A bullfrog (D:7)
  A scorpion (D:4)
  Dowan (D:5)
  A hound (D:5)
  3 orc priests
  A jelly (D:5)
  An iron imp (D:3)
  Crazy Yiuf (D:3)
  Natasha (thrice) (D:3)
  Jessica (D:2)
  3 iguanas
  2 sleepcaps
  Terence (D:3)
  2 orc wizards (D:4)
  5 adders
  7 gnolls (D:4)
  An ufetubus (D:5)
  2 dart slugs
  22 orcs
  5 endoplasms
  4 giant cockroaches
  7 goblins
  A hobgoblin (D:4)
  2 kobolds
  6 quokkas
  4 ball pythons
  7 bats
  3 frilled lizards
  8 rats
117 creatures vanquished.

Notes
Turn   | Place    | Note
-------+----------+-------------------------------------------
     0 | D:1      | juan097 the Demigod Fighter began the quest for the Orb.
     0 | D:1      | Reached XP level 1. HP: 18/18 MP: 3/3
   138 | D:1      | Reached skill level 2 in Long Blades
   256 | D:1      | Reached XP level 2. HP: 25/25 MP: 4/4
   602 | D:2      | Noticed Jessica
   607 | D:2      | Killed Jessica
   608 | D:2      | Reached XP level 3. HP: 22/30 MP: 5/5
  1276 | D:2      | Reached skill level 1 in Dodging
  1276 | D:2      | Reached XP level 4. HP: 36/38 MP: 6/6
  1657 | D:3      | Noticed Natasha
  1663 | D:3      | Killed Natasha
  1664 | D:3      | Reached skill level 3 in Long Blades
  1785 | D:3      | Noticed Terence
  1789 | D:3      | Killed Terence
  1790 | D:3      | Reached XP level 5. HP: 45/45 MP: 7/7
  1816 | D:3      | Noticed Natasha
  1829 | D:3      | Killed Natasha
  1830 | D:3      | Reached skill level 1 in Stealth
  2009 | D:3      | Found a runed translucent door.
  2010 | D:3      | Noticed Crazy Yiuf
  2015 | D:3      | Killed Crazy Yiuf
  2112 | D:3      | Noticed Natasha
  2120 | D:3      | Killed Natasha
  2278 | D:4      | Reached XP level 6. HP: 33/51 MP: 8/8
  2778 | D:4      | Reached skill level 4 in Long Blades
  3008 | D:4      | Reached XP level 7. HP: 53/58 MP: 9/9
  3358 | D:5      | Entered Level 5 of the Dungeon
  3416 | D:5      | Noticed Dowan
  3417 | D:5      | Noticed Prince Ribbit
  3451 | D:5      | Killed Prince Ribbit
  3459 | D:5      | Killed Dowan
  3478 | D:5      | Noticed Edmund
  3562 | D:5      | Noticed Duvessa
  3654 | D:4      | Killed Edmund
  3655 | D:4      | Reached skill level 5 in Long Blades
  3788 | D:5      | Found Pirchost's Antique Weapon Shoppe.
  3788 | D:5      | You fall into a shaft and drop 2 floors!
  3941 | D:7      | Found a flagged portal.
  3953 | D:7      | Reached XP level 8. HP: 65/66 MP: 10/10
  3958 | Bailey   | Entered a bailey
  4026 | Bailey   | Reached skill level 1 in Evocations
  4298 | Bailey   | Reached skill level 6 in Long Blades
  4672 | Bailey   | Reached skill level 5 in Shields
  4834 | Bailey   | Noticed an orc knight
  4856 | Bailey   | HP: 3/66 [orc knight/+0 glaive (16)]
  4860 | Bailey   | Demolished by an orc warrior

Illustrated notes

Levels and vault maps discovered:
D:1:      dpeg_arrival_rooms_with_view, layout_basic, corexii_leaking_fountain
D:2:      layout_basic, minmay_heptomino_o4, uniq_jessica
D:3:      layout_loops_ring, slow_altar_1, uniq_crazy_yiuf_cottage,
          uniq_terence, uniq_natasha
D:4:      layout_loops_corners
D:5:      layout_rooms, serial_shops, shop, shop, uniq_prince_ribbit1,
          uniq_duvessa, uniq_edmund
D:7:      layout_basic, old_standard_altar, enter_bailey_2
Bailey:   bailey_polearm_2, bailey

Skill      XL: |  1  2  3  4  5  6  7  8 |
---------------+-------------------------+-----
Long Blades    | 2 3 4 5 6 |  6.5
Armour         | 3 4 |  4.0
Shields        | 3 4 5 |  5.1
Fighting       | 3 4 |  4.0
Dodging        | 1 2 3 4 |  4.0
Stealth        | 1 2 3 4 |  4.0
Evocations     | 2 |  2.2

Action                     |  1- 3 |  4- 6 |  7- 9 || total
---------------------------+-------+-------+-------++-------
  Melee: Long sword        |    88 |   134 |   194 ||   416
   Fire: Sling             |       |    16 |    10 ||    26
  Throw: Dart              |       |    13 |     5 ||    18
  Evoke: Wand              |       |     1 |    10 ||    11
    Use: Potion            |       |     1 |       ||     1
   Stab: Invisible         |       |       |     9 ||     9
         Sleeping          |       |       |     4 ||     4
 Armour: Scale mail        |    31 |       |       ||    31
         Ring mail         |     4 |    35 |    50 ||    89
  Dodge: Dodged            |    32 |    60 |   118 ||   210
  Block: Buckler           |    25 |    45 |    74 ||   144

Table legend: (Time is in decaauts)
 A = Elapsed time spent in this place.
 B = Non-inter-level travel time spent in this place.
 C = Inter-level travel time spent in this place.
 D = Time resting spent in this place.
 E = Time spent auto-exploring this place.
 F = Levels seen in this place.
 G = Mean time per level.
                   A        B        C        D        E       F      G
               +--------+--------+--------+--------+--------+-----+--------+
         Total |   5003 |   4910 |     93 |    153 |   3455 |   7 |  714.7 |
       Dungeon |   4040 |   3947 |     93 |    153 |   2810 |   6 |  673.3 |
        Bailey |    962 |    962 |      0 |      0 |    644 |   1 |  962.0 |
               +--------+--------+--------+--------+--------+-----+--------+

Top non-repeatable levels by time:
     D:4: 1490 daAuts
  Bailey: 962 daAuts
     D:2: 858 daAuts
     D:3: 805 daAuts
     D:1: 568 daAuts
     D:7: 172 daAuts
     D:5: 145 daAuts
